 Dungeon Crawl Stone Soup version 0.19-a0-675-gf8984cf (webtiles) character file.

19 Television the Insei (level 2, 0/16 HPs)
             Began as a Tengu Transmuter on June 16, 2016.
             Succumbed to an adder's poison
             ... on level 1 of the Dungeon.
             The game lasted 00:02:41 (831 turns).

Television the Insei (Tengu Transmuter)              Turns: 831, Time: 00:02:42

Health: 0/16       AC:  3    Str:  7 (10) XL:     2   Next: 75%
Magic:  0/6        EV: 12    Int: 11 (13) God:
Gold:   21         SH:  0    Dex: 13 (14) Spells: 2 memorised, 2 levels left

rFire  . . .     SeeInvis .       - Unarmed
rCold  . . .     Gourm    .     b - +0 robe
rNeg   . . .     Faith    .     (no shield)
rPois  .         Spirit   .     (helmet restricted)
rElec  .         Dismiss  .     f - +0 cloak
rCorr  .         Reflect  .     (no gloves)
SustAt .         Harm     .     (boots unavailable)
MR     .....                    (no amulet)
Stlth  +.........               (no ring)
                                (no ring)

@: lethally poisoned (0 -> -14), very slightly contaminated, hasted, very quick,
not resistant to hostile enchantments, very unstealthy
A: beak, talons 3
a: no special abilities


You were on level 1 of the Dungeon.
You were not hungry.

You visited 1 branch of the dungeon, and saw 1 of its levels.

You collected 21 gold pieces.

Inventory:

Missiles
 a - 43 arrows
Armour
 b - a +0 robe (worn)
 f - a +0 cloak (worn)
Books
 c - a book of Changes

   Spells                             Type                      Level
   a - Beastly Appendage              Transmutation                1
   b - Sticks to Snakes               Transmutation                2
   c - Spider Form                    Transmutation/Poison         3
   d - Ice Form                       Ice/Transmutation            4
   e - Blade Hands                    Transmutation                5
Comestibles
 d - a bread ration


   Skills:
 - Level 1.0 Fighting
 - Level 2.1 Dodging
 * Level 4.3 Unarmed Combat
 - Level 2.0 Spellcasting
 - Level 1.5 Transmutations


You had 2 spell levels left.
You knew the following spells:

 Your Spells              Type           Power        Failure   Level  Hunger
a - Beastly Appendage     Tmut           #.....       17%         1    ##.....
b - Sticks to Snakes      Tmut           #.......     24%         2    ###....


Dungeon Overview and Level Annotations

Branches:
Dungeon (1/15)

Altars:


Innate Abilities, Weirdness & Mutations

You have a beak for a mouth.
You have claws for feet.


Message History

You aren't carrying any potions.
You aren't carrying any items that you can evoke.
Unknown command.
Unknown command.
Unknown command.
Casting: Beastly Appendage
Confirm with . or Enter, or press ? or * to list all spells.
You miscast Sticks to Snakes.
You smell something strange.
* * * LOW HITPOINT WARNING * * *
You feel sick. The adder bites you but does no damage.
Casting: Sticks to Snakes
Confirm with . or Enter, or press ? or * to list all spells.
You miscast Sticks to Snakes.
Multicoloured lights dance before your eyes!
The adder closely misses you.
Casting: Sticks to Snakes
Confirm with . or Enter, or press ? or * to list all spells.
You miscast Sticks to Snakes.
You feel a strange surge of energy!
Your horns disappear.
You die...

#.......# #.#...###
#. #.#...# #######.##
#.#...### ..#.......
#.#...... .... ..#.#
#.#....## #..
..#.#####.####...
#..##.#..#.......#...
#..S@....##.###.##...
##.##.##.##.##...#.##
... #.....#.###.##...
#.#.. ####.##.#
#.#.### # #.#
###.##.# #.#.### #.
##[.....###......
#.###.............###
...........#####.## #
.###...)..#####..###


You could see an adder.

Vanquished Creatures
  A dart slug (D:1)
  3 bats (D:1)
  A giant cockroach (D:1)
  3 goblins (D:1)
  3 hobgoblins (D:1)
  A ball python (D:1)
  A giant newt (D:1)
  A kobold (D:1)
  2 rats (D:1)
16 creatures vanquished.

Notes
Turn   | Place    | Note
--------------------------------------------------------------
     0 | D:1      | Television the Tengu Transmuter began the quest for the Orb.
     0 | D:1      | Reached XP level 1. HP: 12/12 MP: 4/4
   396 | D:1      | Reached XP level 2. HP: 16/16 MP: 4/6
   484 | D:1      | Reached skill level 4 in Unarmed Combat
   740 | D:1      | Learned a level 2 spell: Sticks to Snakes
   831 | D:1      | Succumbed to an adder's poison

Vault maps used:
D:1:      sevenhm_arrival_forest_fort_small_6, roderic_lattice_a,
          grunt_decor_fettered, minmay_misc_feat_four_crosses

Skill      XL: |  1  2 |
---------------+-------+-----
Unarmed Combat | 4 |  4.3
Fighting       | |  1.0
Dodging        | |  2.1
Spellcasting   | |  2.0
Transmutations | |  1.5

Action                   || total
-------------------------++-------
Melee: Unarmed           ||    48
       Kick              ||     6
       Peck              ||     6
       Headbutt          ||     1
       Punch             ||     1
 Cast: Beastly Appendage ||    10
  Use: Potion            ||     2
       Scroll            ||     1
 Stab: Sleeping          ||     1
Armor: Robe              ||     5
Dodge: Dodged            ||    32
